 Dungeon Crawl Stone Soup version 0.22-a0-268-g1cc83ef (webtiles) character file.

6 mhoghedin the Magician (level 1, -1/13 HPs)
             Began as a Mummy Wizard on Mar 9, 2018.
             Slain by a hobgoblin
             ... wielding a +0 club
              (6 damage)
             ... on level 1 of the Dungeon.
             The game lasted 00:00:42 (180 turns).

mhoghedin the Magician (Mummy Wizard)                Turns: 180, Time: 00:00:43

Health: -1/13      AC:  2    Str: 10    XL:     1   Next: 75%
Magic:  0/6        EV: 12    Int: 17    God:
Gold:   8          SH:  0    Dex: 10    Spells: 8/9 levels left

rFire    x . .     SeeInvis .   (no weapon)
rCold    + . .     Gourm    .   (no shield)
rNeg     + + +     Faith    .   a - +0 robe
rPois    ∞         Spirit   .   b - +0 hat
rElec    .         Reflect  .   (no cloak)
rCorr    .         Harm     .   (no gloves)
MR       .....                  (no boots)
Stlth    ++........             (no amulet)
HPRegen  0.04/turn              (no ring)
MPRegen  0.10/turn              (no ring)

@: no status effects
A: no food or potions, fire vulnerability, cold resistance 1, negative energy
resistance 3, torment resistance, unbreathing
a: no special abilities


You were on level 1 of the Dungeon.
You were not hungry.

You visited 1 branch of the dungeon, and saw 1 of its levels.

You collected 8 gold pieces.

Inventory:

Armour
 a - a +0 robe (worn)
 b - a +0 hat (worn)
Scrolls
 c - a scroll of identify {unknown}


   Skills:
 - Level 1.5 Dodging
 - Level 1.5 Stealth
 + Level 4.5 Spellcasting
 - Level 0.7 Conjurations
   Level 0.7 Summonings
   Level 0.7 Translocations


You had 8 spell levels left.
You knew the following spells:

 Your Spells              Type           Power        Failure   Level  Hunger
a - Magic Dart            Conj           #...         11%         1    N/A

Dungeon Overview and Level Annotations

Branches:
Dungeon (1/15)

Altars:


Innate Abilities, Weirdness & Mutations

You do not eat or drink.
Your flesh is vulnerable to fire.
You are immune to poison.
Your flesh is cold resistant. (rC+)
You are immune to negative energy. (rN+++)
You are immune to unholy pain and torment.
You can survive without breathing.


Message History

Unknown command.
A rat comes into view.
A rat is nearby!
A rat is nearby!
Aim: a rat (resting)
The magic dart hits the rat.
You now have 2/5 mp.
Aim: a rat (severely wounded)
The magic dart hits the rat.
You kill the rat!
You now have 1/5 mp.
Your magical contamination has completely faded away.
c - a scroll labeled WAOXEU JYPO 2 bats come into view.
There are monsters nearby!
Aim: a bat The magic dart hits the bat.
The bat misses you. The bat hits you but does no damage.
You now have 2/5 mp.
Aim: a bat (severely wounded)
The magic dart hits the bat.
You kill the bat!
The bat hits you but does no damage.
You now have 1/5 mp.
Aim: a bat The magic dart hits the bat.
The bat barely misses you.
You now have 0/5 mp.
You don't have enough magic to cast that spell.
You don't have enough magic to cast that spell.
You don't have enough magic to cast that spell.
Unknown command.
The bat hits you.
You see here a bat corpse.
You take 1 damage, and have 12/13 hp.
The bat hits you.
You take 1 damage, and have 11/13 hp.
The bat barely misses you. The bat barely misses you. The bat hits you.
You take 1 damage, and have 10/13 hp.
The bat closely misses you. The bat hits you but does no damage.
The bat hits you but does no damage. The bat hits you but does no damage.
The bat misses you. The bat closely misses you. The bat hits you.
The bat closely misses you.
You take 1 damage, and have 9/13 hp.
Aim: a bat (moderately wounded)
The magic dart hits the bat.
You kill the bat!
You now have 0/5 mp.
You start resting.
Health restored: 13; MP restored: 5 A hobgoblin comes into view.
The hobgoblin shouts!
You hear a shout!
A hobgoblin is nearby!
A hobgoblin is nearby!
Aim: a hobgoblin You miscast Magic Dart.
You are very lightly contaminated with residual magic.
Nothing appears to happen.
You now have 4/5 mp.
Aim: a hobgoblin The magic dart hits the hobgoblin.
You now have 3/5 mp.
Aim: a hobgoblin (lightly wounded)
The magic dart hits the hobgoblin.
You now have 2/5 mp.
Unknown command.
Aim: a hobgoblin (moderately wounded)
The magic dart hits the hobgoblin.
A hobgoblin comes into view. It is wielding a club.
You now have 1/5 mp.
Aim: a hobgoblin (severely wounded)
The magic dart hits the hobgoblin.
You now have 0/5 mp.
You don't have enough magic to cast that spell.
The hobgoblin closely misses you.
You hit the hobgoblin.
You kill the hobgoblin!
You see here a hobgoblin corpse.
A goblin comes into view. It is wielding a whip.
Aim: a hobgoblin, wielding a club The magic dart hits the hobgoblin.
You now have 0/6 mp.
The hobgoblin hits you with a club.
You take 1 damage, and have 12/13 hp.
Your magical contamination has completely faded away.
The hobgoblin barely misses you.
Health restored: 13 The hobgoblin hits you with a club.
You take 5 damage, and have 8/13 hp.
MASSIVE DAMAGE!!
Aim: a hobgoblin, wielding a club The magic dart hits the hobgoblin.
The hobgoblin hits you with a club.
You take 3 damage, and have 5/13 hp.
MASSIVE DAMAGE!!
You now have 0/6 mp.
You hit the hobgoblin but do no damage. The hobgoblin hits you with a club.
You die...

# .. #.......... #.# #.#
##.####..... #$# ..
#.....#.#### #.# .#
#..##.#.#### #.##.
###..##.....†. #.#.
#............. #..
###.#..##.......
#.###...............
#.g@..#.#..##.......
#g#####.#...........
####.#####.#.###.......
#.......##....#####.#..
#.##g.......#.....#
...####.##.##.##†...###....
...................## .#
...####..####.##..##
#g..........#


You could see a hobgoblin and a goblin.

Vanquished Creatures
  A hobgoblin (D:1)
  3 bats (D:1)
  A frilled lizard (D:1)
  2 rats (D:1)
7 creatures vanquished.

Notes
Turn   | Place    | Note
-------+----------+-------------------------------------------
     0 | D:1      | mhoghedin the Mummy Wizard began the quest for the Orb.
     0 | D:1      | Reached XP level 1. HP: 13/13 MP: 5/5
   180 | D:1      | Slain by a hobgoblin

Vault maps used:
D:1:      mrwooster_arrival_statue

Action                   || total
-------------------------++-------
Melee: Unarmed           ||     2
 Cast: Magic Dart        ||    15
Armor: Robe              ||     5
Dodge: Dodged            ||    10

Table legend:
 A = Spawn XP
 B = Non-spawn XP
 C = Spawn XP percentage of total XP
 D = Spawn monster count
 E = Non-spawn monster count
 F = Spawn count percentage of total count
 G = Total turns spent on level
                    A         B        C        D         E        F      G
               +---------+---------+-------+---------+---------+-------+---------
         Total |       0 |       9 |   0.0 |       0 |       7 |   0.0 |   180
               +---------+---------+-------+---------+---------+-------+---------
           D:1 |       0 |       9 |   0.0 |       0 |       7 |   0.0 |   180
               +---------+---------+-------+---------+---------+-------+---------

Vault maps used:
D:1:      mrwooster_arrival_statue

Table legend:
 A = Turns spent in this place as a percentage of turns spent in the entire game.
 B = Non-inter-level travel turns spent in this place as a percentage of non-inter-level travel turns spent in the entire game.
 C = Inter-level travel turns spent in this place as a percentage of turns spent in this place.
 D = Turns resting spent in this place as a percentage of non-inter-level travel turns spent in this place.
 E = Turns spent auto-exploring this place as a percentage of non-inter-level travel turns spent in this place.
 F = Non-inter-level travel turns spent in this place divided by the number of levels of this place that you've seen.
                   A       B       C       D       E      F
               +-------+-------+-------+-------+-------+----------------------
         Total | 100.0 | 100.0 |   0.0 |  45.6 |  22.8 | 180.0
       Dungeon | 100.0 | 100.0 |   0.0 |  45.6 |  22.8 | 180.0
               +-------+-------+-------+-------+-------+----------------------

Table legend:
 A = Kills in this place as a percentage of kills in entire the game.
 B = Kills by you in this place as a percentage of kills by you in the entire game.
 C = Kills by friends in this place as a percentage of kills by friends in the entire game.
 D = Other kills in this place as a percentage of other kills in the entire game.
 E = Experience gained in this place as a percentage of experience gained in the entire game.
 F = Experience gained in this place divided by the number of levels of this place that you have seen.
                   A       B       C       D       E      F
               +-------+-------+-------+-------+-------+----------------------
         Total | 100.0 | 100.0 |   N/A |   N/A | 100.0 |   9.0
       Dungeon | 100.0 | 100.0 |   N/A |   N/A | 100.0 |   9.0
               +-------+-------+-------+-------+-------+----------------------
